 Dungeon Crawl Stone Soup version 0.16-a0-3807-g3748f16 (webtiles) character file.

186 TIT the Skirmisher (level 5, -2/33 HPs)
             Began as a Tengu Arcane Marksman on Jan 27, 2015.
             Slain by a gnoll
             ... wielding a +0 whip
              (9 damage)
             ... on level 4 of the Dungeon.
             The game lasted 00:23:45 (3988 turns).

TIT the Skirmisher (Tengu Arcane Marksman)          Turns: 3988, Time: 00:23:45

Health: -2/33      AC:  3    Str: 16    XL:     5   Next: 66%
Magic:  0/9        EV:  6    Int: 14    God:
Gold:   163        SH:  0    Dex: 14    Spells: 2 memorised, 3 levels left

rFire  . . .     SeeInvis .     a - +0 short sword
rCold  + . .     Clarity  .     u - +0 leather armour
rNeg   . . .     SustAb   .     (no shield)
rPois  .         Gourm    .     (helmet restricted)
rElec  .         Spirit   +     (no cloak)
rCorr  .         Warding  .     (no gloves)
rMut   .         Stasis   .     (boots unavailable)
MR     .....                    x - amulet of guardian spirit
Stlth  +.........               (no ring)
                                c - ring of protection from cold

@: mighty, very slightly contaminated, held, hasted and slowed, not resistant to
hostile enchantments, very unstealthy
A: able to fly, beak, talons 3
a: Fly


You were on level 4 of the Dungeon.
You were hungry.

You visited 1 branch of the dungeon, and saw 4 of its levels.

You collected 163 gold pieces.

Inventory:

Hand weapons
 a - a +0 short sword (weapon)
 b - a +0 dagger
 e - a +0 spear
 m - a +0 mace
 z - a +0 dagger
 D - a +0 long sword
Missiles
 l - 2 throwing nets
 n - 82 stones (quivered)
 p - 4 javelins
 B - 2 tomahawks of returning
Armour
 k - a +0 robe
 q - a +0 scale mail
 u - a +0 leather armour (worn)
Jewellery
 c - a ring of protection from cold (left hand)
 x - an amulet of guardian spirit (around neck)
 E - an uncursed amulet of clarity
Scrolls
 g - a scroll of noise
 o - 3 scrolls of remove curse
 r - 2 scrolls of identify
 s - a scroll of enchant weapon {unknown}
 v - a scroll of magic mapping {unknown}
 y - a scroll of blinking {unknown}
 F - a scroll of amnesia {unknown}
 G - a scroll of random uselessness {unknown}
Potions
 i - a potion of invisibility {unknown}
 w - a potion of curing
Books
 d - a book of Debilitation

   Spells                             Type                      Level
   a - Corona                         Hexes                        1
   b - Slow                           Hexes                        2
   c - Inner Flame                    Hexes/Fire                   3
   d - Enslavement                    Hexes                        4
   e - Cause Fear                     Hexes                        4
   f - Leda's Liquefaction            Hexes/Earth                  4
Comestibles
 f - 3 bread rations
 h - 2 meat rations
 j - 2 chunks of flesh
 A - 2 slices of pizza


   Skills:
 - Level 4.1 Fighting
 + Level 2.9 Short Blades
 + Level 2.8 Throwing
 - Level 2.1 Dodging
 - Level 1.0 Spellcasting
 - Level 2.1 Hexes


You had 3 spell levels left.
You knew the following spells:

 Your Spells              Type           Power        Failure   Level  Hunger
a - Corona                Hex            #......      17%         1    ##.....
b - Slow                  Hex            #.......     24%         2    ###....


Dungeon Overview and Level Annotations

Branches:
Dungeon (4/15)
 Temple: D:4-7

Altars:
Cheibriados
Nemelex Xobeh

Annotations:
D:1 This is a stabber!
D:4 Natasha


Innate Abilities, Weirdness & Mutations

You can fly.
You have a beak for a mouth.
You have claws for feet.


Message History

You see here a throwing net.
Unknown command.
Drink which item? (? for menu, Esc to quit)
It was a potion of curing.
You feel better. The gnoll hits you with a whip!
Unknown command.
You try to slip out of the net.
Natasha gestures.
Suddenly you are surrounded with a pale green light.
The gnoll completely misses you. The iron imp barely misses you.
The gnoll hits you with a whip.
Drink which item? (? for menu, Esc to quit)
You feel very mighty all of a sudden.
The gnoll hits you from afar with a spear.
The iron imp hits you!
* * * LOW HITPOINT WARNING * * *
Unknown command.
You struggle against the net.
You are feeling hungry.
The gnoll hits you with a whip!
You die...

#g #.###.# #g #...#.# #.
###g#.# #.####.#.# #....#.#(#
. . #..g..#.# .### .
#.#.###.# ..#
.#####.#####...#...#
#.####.#.....h5@gg####.####
##....#.###.#.####g##......#
..............#.##.##.##...##
##..........#.#....##.##.#..#
###...#####.#.#.##..........#
..............#....###.###..#
###...#####..§#..#.# #.# #..#
###...# ##§§#....###'###..#
#.....# #§§##.#.###_'....#


You could see an iron imp, Natasha and 3 gnolls.

Vanquished Creatures
  A hound skeleton (D:4)
  A gnoll (D:2)
  5 adders
  5 worms
  5 giant geckos
  2 oozes
  4 orcs (D:3)
  A giant cockroach (D:4)
  11 goblins
  9 hobgoblins
  11 kobolds
  5 ball pythons
  10 bats
  5 giant newts
  2 rats
77 creatures vanquished.

Notes
Turn   | Place    | Note
--------------------------------------------------------------
     0 | D:1      | TIT, the Tengu Arcane Marksman, began the quest for the Orb.
     0 | D:1      | Reached XP level 1. HP: 12/12 MP: 2/2
   768 | D:1      | Reached XP level 2. HP: 15/17 MP: 4/4
  1323 | D:2      | Reached XP level 3. HP: 18/22 MP: 5/5
  1390 | D:2      | Reached skill level 3 in Fighting
  1768 | D:2      | Reached skill level 1 in Short Blades
  1842 | D:1      | Reached XP level 4. HP: 13/28 MP: 2/6
  2887 | D:3      | Reached skill level 4 in Fighting
  2887 | D:3      | Reached XP level 5. HP: 33/33 MP: 9/9
  3166 | D:3      | Learned a level 2 spell: Slow
  3183 | D:3      | Found a sparkling altar of Nemelex Xobeh.
  3733 | D:4      | Noticed Natasha
  3832 | D:4      | Found a snail-covered altar of Cheibriados.
  3988 | D:4      | Slain by a gnoll

Action                   |  1- 3 |  4- 6 || total
-------------------------+-------+-------++-------
Melee: Mace              |    63 |       ||    63
       Spear             |     6 |    84 ||    90
       Short sword       |     4 |   105 ||   109
Throw: Stone             |    79 |    49 ||   128
       Javelin           |    10 |     3 ||    13
       Throwing net      |     1 |       ||     1
 Cast: Corona            |     1 |    25 ||    26
  Use: Scroll            |       |     5 ||     5
       Potion            |       |     3 ||     3
 Stab: Held in net/web   |     1 |       ||     1
  Eat: Chunk             |     3 |     8 ||    11
